 Dungeon Crawl Stone Soup version 0.29-a0-409-gd843f3a48c (webtiles) character file.

Game seed: 16609082549615576611

7 jlumianski the Skirmisher (level 1, -3/18 HPs)
             Began as a Demonspawn Fighter on May 13, 2022.
             Frozen to death by an endoplasm (4 damage)
             ... on level 1 of the Dungeon.
             The game lasted 00:00:39 (320 turns).

jlumianski the Skirmisher (Demonspawn Fighter)       Turns: 320, Time: 00:00:40

Health: -3/18      AC:  6    Str: 16    XL:     1   Next: 83%
Magic:  1/1        EV:  8    Int:  9    God:
Gold:   0          SH:  4    Dex: 12    Spells: 0/0 levels left

rFire   . . .      SeeInvis .   a - +0 war axe
rCold   . . .      Faith    .   c - +0 buckler
rNeg    . . .      Spirit   .   b - +0 scale mail
rPois   .          Reflect  .   (no helmet)
rElec   .          Harm     .   (no cloak)
rCorr   .          Rampage  .   (no gloves)
Will    .....                   (no boots)
Stlth   ..........              (no amulet)
HPRegen 0.06/turn               (no ring)
MPRegen 0.07/turn               (no ring)

@: no status effects
A: no striking features
a: no special abilities


You were on level 1 of the Dungeon.
You visited 1 branch of the dungeon, and saw 1 of its levels.

Inventory:

Hand Weapons
 a - a +0 war axe (weapon)
Missiles
 g - 19 stones (quivered)
Armour
 b - a +0 scale mail (worn)
 c - a +0 buckler (worn)
Scrolls
 e - a scroll of summoning {unknown}
Potions
 d - 2 potions of might
 f - a potion of curing {unknown}


   Skills:
 + Level 3.1 Fighting
 + Level 1.9 Axes
 + Level 2.8 Armour
 + Level 2.7 Shields


You couldn't memorise any spells.
You didn't know any spells.
Your spell library contained the following spells:

 Spells                   Type           Power      Damage    Failure   Level
 Magic Dart               Conj           0%         1d3       88%         1
 Searing Ray              Conj           0%         2d4       96%         2
 Fulminant Prism          Conj/Hex       0%         3d6       100%        4


Dungeon Overview and Level Annotations

Branches:
Dungeon (1/15)

Altars:


Message History

The kobold shouts!
You hear a shout!
A goblin comes into view. It is wielding a +0 club.
Found 13 gold pieces.
The goblin shouts!
The kobold hits you but does no damage.
An endoplasm comes into view.
You barely miss the kobold.
The endoplasm quivers.
The kobold barely misses you.
You hit the kobold.
The kobold is moderately wounded.
You block the kobold's attack. The kobold hits you but does no damage.
You barely miss the kobold.
The kobold is moderately wounded.
You barely miss the goblin. You block the goblin's attack.
The kobold closely misses you.
You closely miss the kobold. You closely miss the goblin.
The kobold hits you with a +0 whip. The goblin hits you but does no damage.
The kobold hits you with a +0 whip. The goblin hits you with a +0 club.
You barely miss the kobold. You closely miss the goblin.
The kobold hits you with a +0 whip. You block the goblin's attack.
You hit the kobold.
You kill the kobold!
You slash the goblin!
You kill the goblin!
The endoplasm freezes you.
You are frozen.
You barely miss the endoplasm. The endoplasm barely misses you.
You hit the endoplasm.
The endoplasm is severely wounded.
The endoplasm freezes you.
You are frozen.
* * * LOW HITPOINT WARNING * * *
The endoplasm hits you.
* * * LOW HITPOINT WARNING * * *
You hit the endoplasm but do no damage.
The endoplasm is severely wounded.
The endoplasm freezes you.
You are frozen.
You die...

....## .......#######
...... .............##
...... ..............#
......
#......#.....#####.....
#.....?#._.#...........
.#......#...#...###.###.
.$....)...........#.#...
.....?J@........#.#.###.
.#...#..#.......#.....#.
#. #..#.......###.#.#.
#..#.###...........
..............###.#.#.
#######.......#.....#.
#######.#.#.###.
#...#.#... #.###.###.


You could see an endoplasm.

Vanquished Creatures
  An endoplasm (D:1)
  A goblin (D:1)
  2 kobolds (D:1)
  A quokka (D:1)
  A rat (D:1)
6 creatures vanquished.

Notes
Turn   | Place    | Note
-------+----------+-------------------------------------------
     0 | D:1      | jlumianski the Demonspawn Fighter began the quest for the
                  | Orb.
     0 | D:1      | Reached XP level 1. HP: 18/18 MP: 1/1
   298 | D:1      | Found a faded altar of an unknown god.
   320 | D:1      | Frozen to death by an endoplasm

Illustrated notes

Levels and vault maps discovered:
D:1:      heliophobic_arrival_enchanted_forest, layout_basic,
          hellmonk_ecumenical_altar_lost_god, minmay_misc_feat_rugged,
          minmay_misc_feat_roman, roderic_roman_lattice

Action                   || total
-------------------------++-------
Melee: War axe           ||    23
Armor: Scale mail        ||    13
Dodge: Dodged            ||     7
Block: Buckler           ||     7

Table legend: (Time is in decaauts)
 A = Elapsed time spent in this place.
 B = Non-inter-level travel time spent in this place.
 C = Inter-level travel time spent in this place.
 D = Time resting spent in this place.
 E = Time spent auto-exploring this place.
 F = Levels seen in this place.
 G = Mean time per level.
                   A        B        C        D        E       F      G
               +--------+--------+--------+--------+--------+-----+--------+
         Total |    330 |    330 |      0 |      0 |    270 |   1 |  330.0 |
       Dungeon |    330 |    330 |      0 |      0 |    270 |   1 |  330.0 |
               +--------+--------+--------+--------+--------+-----+--------+

Top non-repeatable levels by time:
     D:1: 330 daAuts
